 Dungeon Crawl Stone Soup version 0.24.0-37-gcf1ca852f1 (webtiles) character file.

Game seed: 15659470778692915482, levelgen mode: deterministic

26414 Peloso the Carver (level 12, 0/108 HPs)
             Began as a Minotaur Fighter on Nov 24, 2019.
             Was the Champion of Okawaru.
             Slain by Rupert
             ... wielding a +6 battleaxe of electrocution
              (26 damage)
             ... on level 3 of the Lair of Beasts.
             The game lasted 00:44:32 (14522 turns).

Peloso the Carver (Minotaur Fighter)               Turns: 14522, Time: 00:44:32

Health: 0/108      AC: 17    Str: 31    XL:     12   Next: 98%
Magic:  0/12       EV: 11    Int:  5    God:    Okawaru [******]
Gold:   942        SH: 15    Dex: 11    Spells: 11/11 levels left

rFire    + . .     SeeInvis .   a - +6 demon blade (vamp)
rCold    x . .     Gourm    .   c - +1 shield
rNeg     . . .     Faith    .   D - +1 chain mail {rPois}
rPois    +         Spirit   +   (helmet restricted)
rElec    .         Reflect  .   p - +0 cloak
rCorr    .         Harm     .   h - +0 pair of gloves
MR       .....                  z - +0 pair of boots
Stlth    ..........             q - amulet of guardian spirit
HPRegen  0.28/turn              A - ring of fire
MPRegen  0.13/turn              B - +6 ring of strength

@: about to teleport
A: retaliatory headbutt, horns 2
a: Heroism, Finesse, Renounce Religion


You were on level 3 of the Lair of Beasts.
You worshipped Okawaru.
Okawaru was exalted by your worship.
You were not hungry.

You visited 2 branches of the dungeon, and saw 15 of its levels.
You also visited: Bailey and Volcano.

You collected 984 gold pieces.
You spent 42 gold pieces at shops.

Inventory:

Hand Weapons
 a - a +6 vampiric demon blade (weapon)
 N - a +1 quick blade of flaming
Armour
 b - a +0 scale mail
 c - a +1 shield (worn)
 h - a +0 pair of gloves (worn)
 p - a +0 cloak (worn)
 z - a +0 pair of boots (worn)
 D - a +1 chain mail of poison resistance (worn)
Jewellery
 k - a +6 ring of strength
 q - an amulet of guardian spirit (around neck)
 A - a ring of fire (left hand)
 B - a +6 ring of strength (right hand)
 F - an uncursed ring of see invisible
Wands
 v - a wand of polymorph (10)
 I - a wand of clouds (5)
Scrolls
 l - 6 scrolls of identify
 m - 15 scrolls of remove curse
 n - 5 scrolls of amnesia
 s - 2 scrolls of teleportation
 w - 3 scrolls of fog
 G - 2 scrolls of noise
Potions
 d - 5 potions of might
 e - 6 potions of curing
 g - 2 potions of heal wounds
 i - 2 potions of agility
 o - 8 potions of magic
 r - a potion of resistance
 t - a potion of flight
 C - a potion of experience
 E - a potion of haste
 P - a potion of cancellation
Comestibles
 f - 31 rations
 j - 2 chunks of flesh


   Skills:
 + Level 10.6 Fighting
 + Level 14.6 Long Blades
 + Level 11.9 Armour
 + Level 5.5 Dodging
 + Level 1.4 Stealth
 + Level 13.7 Shields
 + Level 2.0 Invocations
 + Level 0.3 Evocations


You had 11 spell levels left.
You didn't know any spells.
Your spell library contained the following spells:

 Spells                   Type           Power        Failure   Level  Hunger
 Animate Skeleton         Necr           N/A          91%         1    ##.....
 Beastly Appendage        Tmut           #.....       91%         1    ##.....
 Confusing Touch          Hex            #.....       91%         1    ##.....
 Magic Dart               Conj           #...         91%         1    ##.....
 Pain                     Necr           #...         91%         1    ##.....
 Blink                    Tloc           N/A          97%         2    ###....
 Call Imp                 Summ           #.......     97%         2    ###....
 Searing Ray              Conj           #.....       97%         2    ###....
 Slow                     Hex            #.......     97%         2    ###....
 Sticks to Snakes         Tmut           #.......     97%         2    ###....
 Confuse                  Hex            #.......     100%        3    ####...
 Conjure Flame            Conj/Fire      #.......     100%        3    ####...
 Dazzling Spray           Conj/Hex       #.....       100%        3    ####...
 Gell's Gravitas          Tloc           #.........   100%        3    ####...
 Mephitic Cloud           Conj/Pois/Air  #.......     100%        3    ####...
 Regeneration             Chrm/Necr      #.........   100%        3    ####...
 Spider Form              Tmut/Pois      #.........   100%        3    ####...
 Vampiric Draining        Necr           #.........   100%        3    ####...
 Animate Dead             Necr           N/A          100%        4    #####..
 Force Lance              Conj/Tloc      #.......     100%        4    #####..
 Fulminant Prism          Conj/Hex       #.........   100%        4    #####..
 Ice Form                 Ice/Tmut       #.......     100%        4    #####..
 Iskenderun's Mystic Bla  Conj           #.......     100%        4    #####..
 Petrify                  Tmut/Erth      #.......     100%        4    #####..
 Blade Hands              Tmut           #.........   100%        5    ######.
 Metabolic Englaciation   Hex/Ice        #.........   100%        5    ######.
 Yara's Violent Unravell  Hex/Tmut       #.........   100%        5    ######.


Dungeon Overview and Level Annotations

Branches:
Dungeon (12/15)            Temple (0/1) D:6            Lair (3/6) D:8
  Snake (0/4) Lair:3       Bailey (visited)         Volcano (visited)
  Swamp: Lair:2-4    Shoals: Lair:2-4       Orc: D:9-12

Altars:
Cheibriados
Dithmenos
Elyvilon
Hepliaklqana
Kikubaaqudgha
Makhleb
Nemelex Xobeh
Okawaru
Qazlal
Trog
Vehumet
Xom

Shops:
D:4 }   D:5 !

Annotations:
D:4 1 runed translucent door, Winsalot's ghost, amateur GnWn
Lair:3 Rupert


Innate Abilities, Weirdness & Mutations

You reflexively headbutt those who attack you in melee.
You have a pair of horns on your head.


Message History

Rupert hits you with a +6 battleaxe of electrocution!!
* * * LOW HITPOINT WARNING * * *
The blink frog blinks! x2; Rupert completely misses you.
You furiously retaliate!
You headbutt Rupert.
You riposte.
You slice Rupert!!
You feel better.
Rupert is heavily wounded.
You barely miss Rupert. You headbutt Rupert.
Rupert is heavily wounded.
The blink frog blinks!
Unknown command.
You slice Rupert!! Your headbutt misses Rupert.
Rupert is severely wounded.
Rupert hits you with a +6 battleaxe of electrocution!!
* * * LOW HITPOINT WARNING * * *
You are electrocuted!
* * * LOW HITPOINT WARNING * * *
Unknown command.
You feel much better.
Rupert hits you with a +6 battleaxe of electrocution!!
You die...

.### ..## ###
...# ##.####
###..# #.#...###
##.#..# .#......#
#.....# ........#
#P....# ...#....#
###†@..#
##.##..##
#..@#.).#
#####..#
##.§###.....
#..## ##§###
#...P# ##...#
##...# ...##
#P..####...P#
....#
#....##...###
.... ##.†###.F..#
P..
###..P#.....#...#
#.......^......#


You could see Rupert (berserk).

Vanquished Creatures
  A red draconian (Volcano)
  An ogre mage (D:10)
  A hydra (Lair:1)
  A two-headed ogre (D:11)
  A salamander mystic (Volcano)
  An unseen horror (D:12)
  6 salamanders (Volcano)
  2 cyclopes
  Joseph (D:8)
  4 spiny frogs
  3 komodo dragons
  3 trolls
  4 hippogriffs
  A blink frog (Lair:3)
  A shadow (D:12)
  3 wyverns
  A wraith (D:12)
  53 yaks
  A hungry ghost (D:8)
  A basilisk (Lair:3)
  4 nagas (Lair:3)
  2 acid dragons
  5 water moccasins
  A porcupine (Lair:3)
  A sky beast (D:9)
  6 orc warriors
  2 ice beasts
  3 black bears
  3 phantoms
  5 ogres
  6 crocodiles
  11 centaurs
  11 bullfrogs
  A gnoll sergeant (D:11)
  A wyvern skeleton (D:12)
  2 scorpions (D:8)
  5 wights (D:8)
  2 howler monkeys
  An electric eel (Lair:1)
  3 crimson imps
  A quasit (D:10)
  A centaur zombie (D:4)
  5 jellies
  5 hounds
  5 orc priests
  9 orc wizards
  An iguana (D:12)
  2 worker ants
  3 hound zombies
  A hound skeleton (D:8)
  21 gnolls
  13 adders
  2 shadow imps
  3 adder zombies
  2 worms (D:3)
  An adder skeleton (D:9)
  2 dart slugs
  5 leopard geckos
  34 orcs
  10 bats
  A bat zombie (D:2)
  4 giant cockroaches
  9 goblins
  20 hobgoblins
  11 jackals
  14 kobolds
  4 quokkas
  A ball python (D:6)
  4 frilled lizards
  A leopard gecko zombie (D:8)
  A quokka skeleton (D:8)
  A quokka zombie (D:7)
  7 rats
  3 rat zombies (D:2)
372 creatures vanquished.

Vanquished Creatures (others)
  2 fungi
  A plant (Lair:3)
3 creatures vanquished.

Grand Total: 375 creatures vanquished

Notes
Turn   | Place    | Note
-------+----------+-------------------------------------------
     0 | D:1      | Peloso the Minotaur Fighter began the quest for the Orb.
     0 | D:1      | Reached XP level 1. HP: 19/19 MP: 0/0
   151 | D:1      | Reached XP level 2. HP: 24/27 MP: 1/1
   582 | D:2      | Found a stormy altar of Qazlal.
   592 | D:2      | Reached XP level 3. HP: 33/33 MP: 2/2
   730 | D:2      | Found an ancient bone altar of Kikubaaqudgha.
   836 | D:2      | Found a shadowy altar of Dithmenos.
   838 | D:2      | Found a radiant altar of Vehumet.
   863 | D:2      | Reached skill level 3 in Long Blades
  1744 | D:3      | Reached XP level 4. HP: 30/40 MP: 3/3
  2509 | D:4      | Found Avuiwei's Gadget Boutique.
  2511 | D:4      | Noticed an ogre
  2513 | D:4      | Reached skill level 4 in Long Blades
  2513 | D:4      | Reached XP level 5. HP: 46/46 MP: 4/4
  2516 | D:4      | Reached skill level 1 in Dodging
  2521 | D:4      | Killed an ogre
  2521 | D:4      | Reached skill level 5 in Shields
  2521 | D:4      | Reached XP level 6. HP: 43/52 MP: 5/5
  2579 | D:4      | Reached skill level 5 in Armour
  2627 | D:4      | Reached skill level 5 in Long Blades
  2656 | D:4      | Found a hazy altar of Hepliaklqana.
  2709 | D:4      | Found a white marble altar of Elyvilon.
  2911 | D:4      | Found a runed translucent door.
  2916 | D:4      | Noticed Winsalot's ghost (amateur GnWn)
  2975 | D:5      | Entered Level 5 of the Dungeon
  3498 | D:5      | Reached XP level 7. HP: 58/60 MP: 6/6
  3833 | D:5      | Found Taur's Distillery.
  3840 | D:5      | Bought a potion of flight for 42 gold pieces
  3988 | D:5      | Found an iron altar of Okawaru.
  4041 | D:5      | Became a worshipper of Warmaster Okawaru
  4071 | D:5      | Found a sparkling altar of Nemelex Xobeh.
  4248 | D:6      | Reached skill level 6 in Long Blades
  4355 | D:6      | Reached skill level 5 in Fighting
  4367 | D:6      | Reached * piety under Okawaru
  4368 | D:6      | Found a bloodstained altar of Trog.
  4445 | D:6      | Reached XP level 8. HP: 49/68 MP: 5/7
  4447 | D:6      | Reached skill level 7 in Long Blades
  4651 | D:6      | Identified the +1 robe of the Eleven Tales {rElec Slay+3}
  4963 | D:6      | Found a staircase to the Ecumenical Temple.
  5289 | D:7      | Reached skill level 8 in Long Blades
  5295 | D:7      | Reached ** piety under Okawaru
  5602 | D:7      | Found a snail-covered altar of Cheibriados.
  5748 | D:7      | Reached skill level 9 in Long Blades
  6014 | D:7      | Reached XP level 9. HP: 70/74 MP: 8/8
  6638 | D:7      | Reached skill level 10 in Long Blades
  6783 | D:8      | Reached *** piety under Okawaru
  6910 | D:8      | Found a staircase to the Lair.
  6982 | D:8      | Found a burning altar of Makhleb.
  7223 | D:8      | Reached skill level 11 in Long Blades
  7231 | D:8      | Reached **** piety under Okawaru
  7274 | D:8      | Noticed a cyclops
  7286 | D:8      | Killed a cyclops
  7286 | D:8      | Reached XP level 10. HP: 73/84 MP: 6/9
  7370 | D:8      | Noticed Joseph
  7392 | D:8      | Killed Joseph
  7439 | D:8      | Reached skill level 10 in Shields
  7474 | D:8      | Found a shimmering altar of Xom.
  7475 | D:8      | Found a burning altar of Makhleb.
  8150 | D:10     | Entered Level 10 of the Dungeon
  8175 | D:9      | Reached skill level 1 in Invocations
  8178 | D:9      | Reached ***** piety under Okawaru
  8178 | D:9      | Reached skill level 12 in Long Blades
  8566 | D:10     | Noticed an ogre mage
  8573 | D:10     | Paralysed by an ogre mage for 6 turns
  8582 | D:10     | Killed an ogre mage
  8892 | D:10     | Reached XP level 11. HP: 90/92 MP: 11/11
  9210 | D:11     | Found a flagged portal.
  9281 | Bailey   | Entered a bailey
  9749 | D:11     | Reached skill level 13 in Long Blades
  9888 | D:11     | Noticed a two-headed ogre
  9897 | D:11     | Killed a two-headed ogre
 10004 | D:11     | Received a gift from Okawaru
 10748 | D:12     | Reached skill level 10 in Armour
 11070 | D:12     | Noticed an unseen horror
 11096 | D:12     | Killed an unseen horror
 11242 | D:12     | Noticed an eight-headed hydra
 11368 | Lair:1   | Entered Level 1 of the Lair of Beasts
 11589 | Lair:1   | Reached ****** piety under Okawaru
 11692 | Lair:1   | Noticed an eight-headed hydra
 11708 | Lair:1   | Killed a 14-headed hydra
 11708 | Lair:1   | Received a gift from Okawaru
 11708 | Lair:1   | Reached skill level 14 in Long Blades
 11867 | Lair:1   | Reached XP level 12. HP: 82/103 MP: 9/12
 12432 | Lair:2   | Reached skill level 1 in Stealth
 12867 | Lair:2   | Received a gift from Okawaru
 13001 | Lair:2   | Found a dark tunnel.
 13009 | Volcano  | Entered a volcano
 13276 | Volcano  | Received a gift from Okawaru
 13541 | Volcano  | Found a bloodstained altar of Trog.
 13566 | Volcano  | Reached skill level 10 in Fighting
 13566 | Volcano  | Reached skill level 5 in Dodging
 13590 | Volcano  | Noticed a red draconian
 13614 | Volcano  | Killed a red draconian
 14357 | Lair:3   | Found a staircase to the Snake Pit.
 14499 | Lair:3   | Noticed Rupert
 14521 | Lair:3   | HP: 2/108 [Rupert/+6 battleaxe of electrocution (7)]
 14522 | Lair:3   | Slain by Rupert

Levels and vault maps discovered:
D:1:      saegor_arrival_simple_c, layout_basic, minmay_box_of_dots
D:2:      minmay_angry_zag, layout_loops_ring,
          chequers_temple_overflow_statue_of_worship,
          lemuel_zombie_altar_kikubaaqudgha, nicolae_qazlal_general_emergency
D:3:      cheibrodos_helix_gallery, layout_loops_ring, first_ration,
          minivault_24
D:4:      layout_basic, kennysheep_little_box, overflow_temple_1_default,
          serial_shops, shop, ebering_ghost_reflecting_pool
D:5:      layout_cave_pods, kennysheep_mini, lemuel_coloured_pillars_altar,
          serial_shops, nicolae_shop_crystal
D:6:      layout_basic, minmay_temple_entry_enclosed_plants,
          trog_ov_bears_minmay
D:7:      layout_loops_corners, cheibriados_altar_1, grunt_decor_cap,
          hangedman_decor_clover_reticule, grunt_ogre_cave
D:8:      layout_gridville, grunt_temple_overflow_champion_of_chaos,
          lair_entry_dummy, kennysheep_decorative_pillar, bloody_makhleb,
          uniq_joseph
D:9:      layout_roguey
D:10:     layout_gridville, grunt_decor_fettered, lightli_fourway_metalbox
D:11:     layout_gridville, lightli_bailey_entry_fortress
D:12:     layout_irregular_city, orc_0_dummy
Lair:1:   layout_long_grid, grunt_megastairs_5, infiniplex_staircase_pool
Lair:2:   layout_loops_ring, lightli_volcano_entry_magma_tube
Lair:3:   layout_layer_cave, minmay_shoals_entry_hut,
          minmay_snake_entry_guardpost_small, st_stairs_9, uniq_rupert

Skill      XL: |  1  2  3  4  5  6  7  8  9 10 11 12 |
---------------+-------------------------------------+-----
Shields        | 4 5 6 7 9 10 12 13 | 13.7
Armour         | 4 5 6 7 8 9 10 11 | 11.9
Fighting       | 4 5 6 7 8 10 | 10.6
Long Blades    | 3 4 5 6 9 11 12 14 | 14.6
Dodging        | 1 2 3 4 5 |  5.5
Invocations    | 1 2 |  2.0
Stealth        | 1 |  1.4
Evocations     | |  0.3

Action                   |  1- 3 |  4- 6 |  7- 9 | 10-12 || total
-------------------------+-------+-------+-------+-------++-------
Melee: Long sword        |    92 |   132 |   341 |   708 ||  1273
       Headbutt          |    22 |    21 |    78 |   239 ||   360
       Demon blade       |       |       |       |   103 ||   103
Invok: Heroism           |       |       |     5 |     6 ||    11
Evoke: Wand              |       |       |       |     3 ||     3
  Use: Potion            |     5 |     1 |     1 |     3 ||    10
       Scroll            |       |     5 |     5 |    15 ||    25
  Eat: Chunk             |     2 |     6 |     3 |    20 ||    31
       Ration            |       |       |     3 |     1 ||     4
Armor: Scale mail        |    30 |    73 |     5 |       ||   108
       Chain mail        |       |       |    70 |   215 ||   285
       Plate armour      |       |       |    57 |       ||    57
Dodge: Dodged            |    26 |    48 |    57 |   230 ||   361
Block: Shield            |    43 |   101 |   203 |   556 ||   903
       Rpst.: Long sword |     6 |    14 |    14 |    41 ||    75
       Demon blade       |       |       |       |     7 ||     7
